 Dungeon Crawl Stone Soup version 0.29-a0-753-gb7bb9d756e (webtiles) character file.

Game seed: 15755025212803628399

1587 Nattfarinn the Destroyer (level 8, -6/64 HPs)
             Began as a Deep Elf Conjurer on June 30, 2022.
             Engulfed by a steam dragon's steam (9 damage)
             ... on level 7 of the Dungeon.
             The game lasted 00:12:21 (7735 turns).

Nattfarinn the Destroyer (Deep Elf Conjurer)        Turns: 7735, Time: 00:12:22

Health: -6/64      AC: 24    Str:  4    XL:     8   Next: 61%
Magic:  18/31      EV:  2    Int: 26    God:
Gold:   265        SH:  4    Dex: 13    Spells: 16/23 levels left

rFire   . . .      SeeInvis .   r - +0 rapier
rCold   . . .      Faith    .   s - +0 buckler
rNeg    . . .      Spirit   .   (body armour currently unavailable)
rPois   +          Reflect  .   (helmet currently unavailable)
rElec   .          Harm     .   (cloak currently unavailable)
rCorr   .          Rampage  .   (gloves currently unavailable)
Will    .....      NoTele   +   (boots currently unavailable)
Stlth   ++........              (no amulet)
HPRegen 0.20/turn               d - ring of magical power
MPRegen 0.22/turn               (no ring)

@: tree-form
A: stationary, stasis, torment immunity, boosted hp, (horns 1), screaming 1
a: no special abilities


You were on level 7 of the Dungeon.
You were a tree.
You visited 2 branches of the dungeon, and saw 8 of its levels.

You collected 265 gold pieces.

Inventory:

Hand Weapons
 r - a +0 rapier (weapon)
Armour
 a - a +0 robe (melded)
 g - a +1 hat (melded)
 p - a +0 pair of boots (melded)
 s - a +0 buckler (worn)
Jewellery
 d - a ring of magical power (left branch)
Wands
 x - a wand of mindburst (14)
Scrolls
 c - 3 scrolls of teleportation
 e - 2 scrolls of enchant armour {unknown}
 i - a scroll of enchant weapon {unknown}
 j - 3 scrolls of torment
 m - a scroll of magic mapping {unknown}
 o - 2 scrolls of noise
 q - a scroll of fog {unknown}
 v - 4 scrolls of poison
 w - a scroll of silence {unknown}
 y - a scroll of vulnerability {unknown}
 A - a scroll of summoning {unknown}
 B - a scroll of blinking {unknown}
Potions
 b - 3 potions of magic
 f - 2 potions of might
 h - a potion of lignification
 l - a potion of brilliance
 n - 3 potions of flight
 u - a potion of attraction {unknown}
 z - a potion of experience {unknown}


   Skills:
 + Level 1.4 Fighting
 + Level 3.4 Dodging
 - Level 2.4 Stealth
 * Level 2.2 Shields
 - Level 8.1 Spellcasting
 - Level 10.0 Conjurations


You had 16 spell levels left.
You knew the following spells:

 Your Spells              Type           Power      Damage    Failure   Level
a - Magic Dart            Conj           100%       1d8       1%          1
b - Searing Ray           Conj           100%       2d8       1%          2
c - Iskenderun's Mystic   Conj/Tloc      36%        2d9       10%         4

Your spell library contained the following spells:

 Spells                   Type           Power      Damage    Failure   Level
 Dazzling Flash           Conj/Hex       72%        N/A       2%          3
 Fulminant Prism          Conj/Hex       18%        3d11      10%         4
 Blink                    Tloc           20%        N/A       11%         2
 Lesser Beckoning         Tloc           10%        N/A       22%         3
 Manifold Assault         Tloc           10%        N/A       90%         5
 Storm Form               Tmut/Air       5%         N/A       100%        7


Dungeon Overview and Level Annotations

Branches:
Dungeon (7/15)             Temple (1/1) D:4

Altars:
Ashenzari
Elyvilon
Fedhas
Gozag
Kikubaaqudgha
Okawaru
Sif Muna
Trog
Uskayaw
Wu Jian
Xom
Yredelemnul
Zin
The Shining One


Innate Abilities, Weirdness & Mutations

You are a tree.
Your roots penetrate the ground, keeping you stationary.
You cannot be teleported.
You are immune to unholy pain and torment.
Your maximum health is greatly increased.
Your equipment is partially melded.
((You have a pair of small horns on your head.))
You occasionally shout uncontrollably at your foes.


Message History

You kill the orc!
The steam dragon breathes steam at you. The ball of steam hits you.
You hear a shout!
The magic dart hits the steam dragon but does no damage.
An orc priest and a jelly come into view.
The magic dart hits the steam dragon.
The steam dragon is lightly wounded.
The steam dragon breathes steam at you. The ball of steam hits you!!
An orc wizard comes into view. It is wielding a +0 dagger.
The jelly moves out of view.
You hear a shout! x2
Something shouts, "Scamper hence, thou pottle-deep doghearted gnoll-tail!"
You hear a shout!
An orc comes into view. It is wielding a +0 war axe.
Casting: Magic Dart (safe; 1% risk of failure)
Confirm with . or Enter, or press ? or * to list all spells.
The spell is quite dangerous to miscast (10% risk of failure)!
Continue anyway?
You erupt in a blast of force!
The mystic blast hits the orc!
You kill the orc!
The mystic blast hits the steam dragon!
The steam dragon is moderately wounded.
The steam dragon is knocked back by the mystic blast.
You are engulfed in a cloud of scalding steam.
* * * LOW HITPOINT WARNING * * *
The orc priest mumbles some strange prayers to Beogh against you.
Pain shoots through your body!
* * * LOW HITPOINT WARNING * * *
Really quaff the potion of lignification?
You turn into a tree.
Your +1 hat melds into your body.
Your +0 pair of boots melds into your body.
Your +0 robe melds into your body.
Your roots penetrate the ground.
The steam dragon breathes steam at you.
The ball of steam hits you but does no damage.
Unknown command.
It was a potion of mutation.
You feel extremely strange.
You feel the urge to shout. A pair of horns grows on your head!
You are engulfed in a cloud of scalding steam.
You die...

#.J. ##..##
..o.. #...#
#)oo#####
#.D)#...
#.§.#.####...
##.♣§.........
#..§##.######
#######.§###.#
.............#
######.######
#.# #.# #.#
#.# #.# #..


You could see a steam dragon (catching breath), a jelly, an orc priest, an orc
wizard and an orc.

Vanquished Creatures
  A yak (D:7)
  A water moccasin (D:6)
  An ice beast (D:6)
  An ogre (D:6)
  A centaur (D:4)
  A kobold brigand (D:5)
  2 necrophages (D:5)
  3 scorpions
  A howler monkey (D:5)
  3 hounds
  A jelly (D:5)
  2 orc priests (D:6)
  7 iguanas
  3 orc wizards
  3 gnolls (D:2)
  6 adders
  A shadow imp (D:5)
  A white imp (D:6)
  An ufetubus (D:6)
  2 worms (D:4)
  3 dart slugs
  22 orcs
  7 ball pythons
  4 endoplasms
  5 giant cockroaches
  6 goblins
  6 hobgoblins
  14 kobolds
  5 quokkas
  5 bats
  2 frilled lizards (D:2)
  10 rats
131 creatures vanquished.

Notes
Turn   | Place    | Note
-------+----------+-------------------------------------------
     0 | D:1      | Nattfarinn the Deep Elf Conjurer began the quest for the
                  | Orb.
     0 | D:1      | Reached XP level 1. HP: 10/10 MP: 6/6
   240 | D:1      | Reached XP level 2. HP: 15/15 MP: 2/8
   683 | D:1      | Reached skill level 5 in Conjurations
  1037 | D:2      | Reached XP level 3. HP: 19/19 MP: 8/10
  1698 | D:2      | Reached XP level 4. HP: 24/24 MP: 4/12
  1827 | D:2      | Learned a level 2 spell: Searing Ray
  1983 | D:2      | Reached skill level 6 in Conjurations
  2735 | D:3      | Reached XP level 5. HP: 28/28 MP: 12/14
  2955 | D:3      | Found a faded altar of an unknown god.
  3416 | D:4      | Found a staircase to the Ecumenical Temple.
  3426 | Temple   | Entered the Ecumenical Temple
  3762 | D:4      | Reached skill level 5 in Spellcasting
  3935 | D:4      | Noticed a centaur
  3940 | D:4      | Killed a centaur
  3941 | D:4      | Reached skill level 7 in Conjurations
  3941 | D:4      | Reached XP level 6. HP: 19/32 MP: 8/16
  4319 | D:4      | Found a blossoming altar of Fedhas.
  4386 | D:5      | Entered Level 5 of the Dungeon
  4821 | D:5      | Reached skill level 8 in Conjurations
  4821 | D:5      | Reached XP level 7. HP: 36/36 MP: 13/18
  5748 | D:5      | Reached skill level 9 in Conjurations
  6016 | D:6      | Learned a level 4 spell: Iskenderun's Mystic Blast
  6128 | D:6      | Reached XP level 8. HP: 17/41 MP: 6/21
  6590 | D:6      | Reached skill level 10 in Conjurations
  7013 | D:6      | Reached skill level 1 in Shields
  7549 | D:7      | Reached skill level 1 in Fighting
  7733 | D:7      | HP: 2/43 [orc priest/nerve-wracking pain (9)]
  7735 | D:7      | Gained mutation: You occasionally shout uncontrollably at
                  | your foes. [potion of mutation]
  7735 | D:7      | Gained mutation: You have a pair of small horns on your
                  | head. [potion of mutation]
  7735 | D:7      | Engulfed by a steam dragon's steam

Illustrated notes

Levels and vault maps discovered:
D:1:      minmay_arrival_jagged, layout_basic
D:2:      layout_loops_cross, chequers_serial_rivers_marsh, hex_medium,
          minmay_pentomino_v2
D:3:      layout_loops_cross, shapermc_ecumenical_altar_notcrosses,
          chequers_serial_rivers_small_3, minmay_misc_feat_rugged,
          patterned_corridor
D:4:      layout_rooms, lemuel_coloured_pillars_altar,
          minmay_temple_entry_trees, minmay_between
D:5:      layout_basic, minmay_misc_feat_iff
D:6:      layout_cave_pods, chequers_arboretum
D:7:      layout_loops_ring, jmf_multi_god_temple2, enter_bailey_1,
          uniq_crazy_yiuf_cottage
Temple:   nicolae_temple_figure_eight

Skill      XL: |  1  2  3  4  5  6  7  8 |
---------------+-------------------------+-----
Conjurations   | 5 6 7 8 9 10 | 10.0
Spellcasting   | 4 5 6 7 8 |  8.1
Shields        | 2 |  2.2
Fighting       | 1 |  1.4
Dodging        | 3 |  3.4
Stealth        | |  2.4

Action                   |  1- 3 |  4- 6 |  7- 9 || total
-------------------------+-------+-------+-------++-------
Melee: Rapier            |       |       |     7 ||     7
 Cast: Magic Dart        |    70 |   127 |    89 ||   286
       Searing Ray       |       |     4 |     9 ||    13
       Iskenderun's Myst |       |       |    11 ||    11
  Use: Potion            |       |       |     9 ||     9
       Scroll            |       |       |     4 ||     4
Armor: Robe              |     1 |     2 |     3 ||     6
       Skin              |       |       |     5 ||     5
Dodge: Dodged            |     3 |    11 |    24 ||    38
Block: Buckler           |       |     3 |     5 ||     8

Table legend: (Time is in decaauts)
 A = Elapsed time spent in this place.
 B = Non-inter-level travel time spent in this place.
 C = Inter-level travel time spent in this place.
 D = Time resting spent in this place.
 E = Time spent auto-exploring this place.
 F = Levels seen in this place.
 G = Mean time per level.
                   A        B        C        D        E       F      G
               +--------+--------+--------+--------+--------+-----+--------+
         Total |   7746 |   7419 |    327 |    573 |   6117 |   8 |  968.2 |
       Dungeon |   7531 |   7216 |    315 |    573 |   5916 |   7 | 1075.9 |
        Temple |    214 |    203 |     11 |      0 |    201 |   1 |  214.0 |
               +--------+--------+--------+--------+--------+-----+--------+

Top non-repeatable levels by time:
     D:6: 1640 daAuts
     D:5: 1630 daAuts
     D:2: 1296 daAuts
     D:3: 1059 daAuts
     D:4: 924 daAuts
     D:1: 897 daAuts
  Temple: 214 daAuts
     D:7: 83 daAuts
